 Dungeon Crawl Stone Soup version 0.28.0 (webtiles) character file.

Game seed: 5903882478279713420

127 browni3141 the Chopper (level 4, -4/41 HPs)
             Began as a Minotaur Berserker on Feb 16, 2022.
             Was a Follower of Trog.
             Slain by a sky beast (5 damage)
             ... on level 3 of the Dungeon.
             The game lasted 00:00:42 (1886 turns).

browni3141 the Chopper (Minotaur Berserker)         Turns: 1886, Time: 00:00:42

Health: -4/41      AC: 11    Str: 23    XL:     4   Next: 85%
Magic:  3/3        EV:  8    Int:  4    God:    Trog [*.....]
Gold:   111        SH:  0    Dex: 10    Spells: 3/3 levels left

rFire   . . .      SeeInvis .   a - +0 hand axe
rCold   . . .      Faith    .   (no shield)
rNeg    . . .      Spirit   .   h - +0 chain mail
rPois   .          Reflect  .   (helmet restricted)
rElec   .          Harm     .   m - +1 cloak {Will+}
rCorr   .          Rampage  .   (no gloves)
Will    +....                   (no boots)
Stlth   ..........              (no amulet)
HPRegen 0.13/turn               (no ring)
MPRegen 0.08/turn               (no ring)

@: no status effects
A: horns 2, retaliatory headbutt
a: Renounce Religion, Berserk


You were on level 3 of the Dungeon.
You worshipped Trog.
Trog was aware of your devotion.
You visited 1 branch of the dungeon, and saw 3 of its levels.

You collected 111 gold pieces.

Inventory:

Hand Weapons
 a - a +0 hand axe (weapon)
Armour
 b - a +0 animal skin
 h - a +0 chain mail (worn)
 m - a +1 cloak of willpower (worn)
Wands
 i - a wand of flame (17)
Scrolls
 c - 2 scrolls of amnesia {unknown}
 j - a scroll of enchant armour {unknown}
 k - a scroll of identify {unknown}
Potions
 d - a potion of flight {unknown}
 e - a potion of brilliance {unknown}
 f - a potion of curing {unknown}
 g - a potion of heal wounds {unknown}
 l - a potion of mutation {unknown}


   Skills:
 + Level 4.5 Fighting
 * Level 5.4 Axes
 + Level 3.7 Armour
 - Level 2.1 Dodging


You had 3 spell levels left.
You didn't know any spells.
Your spell library was empty.

Dungeon Overview and Level Annotations

Branches:
Dungeon (3/15)

Altars:


Innate Abilities, Weirdness & Mutations

You have a pair of horns on your head.
You reflexively headbutt those who attack you in melee.


Message History

Something hits you but does no damage.
No target in view!
You hit something. Your headbutt misses something.
Something hits you but does no damage.
There is a strange disturbance nearby!
No target in view!
You closely miss something. Your headbutt misses something.
Something hits you but does no damage.
No target in view!
You barely miss something. Something hits you but does no damage.
No target in view!
There is a strange disturbance nearby!
You hit something. Something hits you but does no damage.
No target in view!
There is a strange disturbance nearby!
There is a strange disturbance nearby!
No target in view!
You hit something. Something hits you. Something shocks you.
No target in view!
There is a strange disturbance nearby!
You hit something but do no damage. Your headbutt misses something.
Something hits you. Something shocks you.
No target in view!
You closely miss something. Your headbutt misses something.
Something hits you but does no damage.
You closely miss something. Your headbutt misses something. Something hits you.
Something shocks you.
No target in view!
You barely miss something. Your headbutt misses something. Something hits you.
Something shocks you.
No target in view!
You miss something. Your headbutt misses something. Something hits you.
* * * LOW HITPOINT WARNING * * *
Something shocks you.
* * * LOW HITPOINT WARNING * * *
You are too injured to fight recklessly!
You hit something. Something hits you.
* * * LOW HITPOINT WARNING * * *
Something shocks you.
You die...

# #........<...### ...
#†##............
##..######.##.#...###.
...........##..###.#
#.....<.......# #.#
##.#....(.....###.#
............#...##
##.....#.##(###.##
#.....#.##@# #.#
#.....#.##{# #.#
#....##.##.# #.# #..##
#.# #.# #.# #.# #.#
#.# #.# #.#


There were no monsters in sight!

Vanquished Creatures
  Crazy Yiuf (D:2)
  Terence (D:2)
  Robin (D:2)
  3 adders
  A worm (D:2)
  A dart slug (D:1)
  3 ball pythons
  4 endoplasms
  9 goblins (D:2)
  4 hobgoblins (D:2)
  A kobold (D:2)
  3 bats
  A frilled lizard (D:2)
  A rat (D:1)
34 creatures vanquished.

Notes
Turn   | Place    | Note
-------+----------+-------------------------------------------
     0 | D:1      | browni3141 the Minotaur Berserker began the quest for the
                  | Orb.
     0 | D:1      | Reached XP level 1. HP: 19/19 MP: 0/0
   221 | D:1      | Reached skill level 4 in Axes
   427 | D:1      | Reached XP level 2. HP: 26/27 MP: 1/1
   930 | D:2      | Noticed Robin
   932 | D:2      | Noticed Terence
   939 | D:2      | Reached XP level 3. HP: 23/33 MP: 2/2
   944 | D:2      | Killed Terence
   949 | D:2      | Killed Robin
   950 | D:2      | Reached XP level 4. HP: 5/40 MP: 3/3
  1250 | D:2      | Reached skill level 5 in Axes
  1267 | D:2      | Found a runed translucent door.
  1268 | D:2      | Noticed Crazy Yiuf
  1655 | D:2      | Killed Crazy Yiuf
  1869 | D:3      | Noticed a sky beast
  1886 | D:3      | HP: 1/41 [something (4)]
  1886 | D:3      | Slain by a sky beast

Illustrated notes

Levels and vault maps discovered:
D:1:      tarquinn_simple_flora_water_e, layout_rooms
D:2:      layout_basic, uniq_robin, uniq_terence, uniq_crazy_yiuf_cottage
D:3:      layout_loops_ring, nicolae_overflow_quartered_altars,
          hellmonk_ecumenical_altar_pennies_from_heaven

Skill      XL: |  1  2  3  4 |
---------------+-------------+-----
Axes           | 4 5 |  5.4
Fighting       | 4 |  4.5
Armour         | 3 |  3.7
Dodging        | |  2.1

Action                   |  1- 3 |  4- 6 || total
-------------------------+-------+-------++-------
Melee: Hand axe          |    51 |    37 ||    88
       Headbutt          |     5 |     1 ||     6
Invok: Berserk           |     1 |     1 ||     2
Armor: Animal skin       |     9 |       ||     9
       Chain mail        |       |    18 ||    18
Dodge: Dodged            |    44 |    11 ||    55
